 Dungeon Crawl Stone Soup version 0.30-a0-39-g42789b21ef (webtiles) character file.

Game seed: 12823145281984592034

35 BritishOli the Trooper (level 3, 27/29 HPs)
             Began as a Demonspawn Fighter on Aug 29, 2022.
             Got out of the dungeon alive.
             The game lasted 00:01:02 (1089 turns).

BritishOli the Trooper (Demonspawn Fighter)         Turns: 1089, Time: 00:01:02

Health: 27/29      AC:  8    Str: 18    XL:     3   Next: 17%
Magic:  3/3        EV: 13    Int:  9    God:
Gold:   22         SH:  4    Dex: 12    Spells: 2/2 levels left

rFire   . . .      SeeInvis .    a - +0 long sword
rCold   + . .      Faith    .    c - +0 buckler
rNeg    . . .      Spirit   .    b - +0 scale mail
rPois   .          Reflect  .    (no helmet)
rElec   .          Harm     .    (no cloak)
rCorr   .          Rampage  .    (no gloves)
Will    .....                    (no boots)
Stlth   ..........               (no amulet)
HPRegen 0.09/turn                e - ring of protection from cold
MPRegen 0.08/turn                f - +4 ring of evasion

@: no status effects
A: yellow scales 1, demonic magic 1
a: no special abilities


You escaped.
You visited 1 branch of the dungeon, and saw 1 of its levels.

You collected 22 gold pieces.

Inventory:

Hand Weapons
 a - a +0 long sword (weapon)
Missiles
 l - 6 javelins (quivered)
Armour
 b - a +0 scale mail (worn)
 c - a +0 buckler (worn)
Jewellery
 e - a ring of protection from cold (left hand)
 f - a +4 ring of evasion (right hand)
 k - a ring of protection from fire
Scrolls
 g - 2 scrolls of identify {unknown}
 h - a scroll of teleportation {unknown}
Potions
 d - a potion of might
 i - a potion of flight {unknown}
 j - a potion of brilliance {unknown}


   Skills:
 + Level 3.3 Fighting
 + Level 2.2 Long Blades
 + Level 3.0 Armour
 + Level 3.0 Shields


You had 2 spell levels left.
You didn't know any spells.
Your spell library contained the following spells:

 Spells                   Type           Power      Damage    Failure   Level
 Apportation              Tloc           0%         N/A       86%         1
 Necrotise                Necr           0%         1d4       86%         1
 Summon Small Mammal      Summ           0%         N/A       86%         1
 Tukima's Dance           Hex            0%         N/A       99%         3
 Passage of Golubria      Tloc           0%         N/A       100%        4
 Yara's Violent Unravell  Hex/Tmut       0%         3d3       100%        5


Dungeon Overview and Level Annotations

Branches:
Dungeon (1/15)

Altars:

Shops:
D:1 *


Innate Abilities, Weirdness & Mutations

You are partially covered in yellow scales. (AC +2)
Spells you cast may paralyse adjacent enemies.


Message History

The endoplasm hits you but does no damage.
You block the endoplasm's attack.
You hit the endoplasm.
You kill the endoplasm!
No target in view!
No target in view!
There is an open door here.
Things that are here:
a jackal corpse; a jackal corpse; a hobgoblin corpse An endoplasm comes into view.
The endoplasm quivers.
The endoplasm misses you.
You hit the endoplasm.
The endoplasm is almost dead.
The endoplasm freezes you.
You are frozen.
You resist.
You hit the endoplasm but do no damage.
The endoplasm is almost dead.
The endoplasm closely misses you. The endoplasm hits you.
You hit the endoplasm.
You kill the endoplasm!
No target in view!
No target in view!
No target in view!
No target in view!
No target in view!
No target in view!
No target in view!
No target in view!
No target in view!
No target in view!
You don't know any spells.
You don't know any spells.
There is an open door here.
You see here a +0 hand axe.
You see here a +0 short sword.
There is an open door here.
There is a staircase leading out of the dungeon here.
Are you sure you want to leave the Dungeon?
This will make you lose the game!
You have escaped!

...........#
#.###...###.#
.....#....##
#.#.......#.#
.....#....#
#.#.8.#.8.#.#
.....#....#
#.....#.....#
.....#
#....###....#
.....#
####..#..####
.....#
#..'.....'..#
.....#
#..###'###..#
.....#
#@.#.....#..#
#.####
#############
.# .#


There were no monsters in sight!

Vanquished Creatures
  5 endoplasms (D:1)
  3 giant cockroaches (D:1)
  5 goblins (D:1)
  3 hobgoblins (D:1)
  2 jackals (D:1)
  3 kobolds (D:1)
  A ball python (D:1)
  3 bats (D:1)
  A frilled lizard (D:1)
  5 rats (D:1)
31 creatures vanquished.

Notes
Turn   | Place    | Note
-------+----------+-------------------------------------------
     0 | D:1      | BritishOli the Demonspawn Fighter began the quest for the
                  | Orb.
     0 | D:1      | Reached XP level 1. HP: 18/18 MP: 1/1
   326 | D:1      | Gained mutation: You are partially covered in yellow
                  | scales. (AC +2) [demonic ancestry]
   326 | D:1      | Reached XP level 2. HP: 24/24 MP: 2/2
   517 | D:1      | Found Myeph's Assorted Antiques.
  1010 | D:1      | Gained mutation: Spells you cast may paralyse adjacent
                  | enemies. [demonic ancestry]
  1010 | D:1      | Reached XP level 3. HP: 29/29 MP: 3/3
  1089 | D:$      | Got out of the dungeon alive.

Illustrated notes

Levels and vault maps discovered:
D:1:      dpeg_arrival_court, layout_basic, serial_shops, nicolae_diamond_shop

Skill      XL: |  1  2 |
---------------+-------+-----
Long Blades    | 2 |  2.2
Armour         | 3 |  3.0
Shields        | 3 |  3.0
Fighting       | |  3.3

Action                   || total
-------------------------++-------
Melee: Long sword        ||    93
Armor: Scale mail        ||    51
Dodge: Dodged            ||    53
Block: Buckler           ||    30

Table legend: (Time is in decaauts)
 A = Elapsed time spent in this place.
 B = Non-inter-level travel time spent in this place.
 C = Inter-level travel time spent in this place.
 D = Time resting spent in this place.
 E = Time spent auto-exploring this place.
 F = Levels seen in this place.
 G = Mean time per level.
                   A        B        C        D        E       F      G
               +--------+--------+--------+--------+--------+-----+--------+
         Total |   1119 |   1023 |     96 |      0 |    800 |   1 | 1119.0 |
       Dungeon |   1119 |   1023 |     96 |      0 |    800 |   1 | 1119.0 |
               +--------+--------+--------+--------+--------+-----+--------+

Top non-repeatable levels by time:
     D:1: 1119 daAuts
